 Dungeon Crawl Stone Soup version 0.24-a0-164-g56e1b8f (webtiles) character file.

Game seed: 8853431126141236880

8 emperorscorpion the Cutter (level 2, -4/16 HPs)
             Began as a Vine Stalker Berserker on Mar 6, 2019.
             Was a Follower of Trog.
             Slain by a hobgoblin (5 damage)
             ... on level 1 of the Dungeon.
             The game lasted 00:00:11 (116 turns).

emperorscorpion the Cutter (Vine Stalker Berserker)  Turns: 116, Time: 00:00:11

Health: -4/16      AC:  2    Str: 19    XL:     2   Next: 8%
Magic:  0/3        EV: 12    Int:  7    God:    Trog [*.....]
Gold:   13         SH:  0    Dex: 13    Spells: 1/1 levels left

rFire    . . .     SeeInvis .   a - +0 short sword
rCold    . . .     Gourm    .   (no shield)
rNeg     . . .     Faith    .   b - +0 animal skin
rPois    .         Spirit   +   (no helmet)
rElec    .         Reflect  .   (no cloak)
rCorr    .         Harm     .   (no gloves)
MR       .....                  (no boots)
Stlth    +.........             (no amulet)
HPRegen  0.05/turn              (no ring)
MPRegen  0.08/turn              (no ring)

@: berserk cooldown, slowed, very slow
A: fangs 2, magic shield, antimagic bite, no potion heal 3, rot immunity
a: Berserk, Renounce Religion


You were on level 1 of the Dungeon.
You worshipped Trog.
Trog was aware of your devotion.
You were not hungry.

You visited 1 branch of the dungeon, and saw 1 of its levels.

You collected 13 gold pieces.

Inventory:

Hand Weapons
 a - a +0 short sword (weapon)
Armour
 b - a +0 animal skin (worn)
Scrolls
 e - 2 scrolls of teleportation {unknown}
Comestibles
 c - 2 rations
 d - a chunk of flesh


   Skills:
 + Level 2.9 Fighting
 + Level 2.9 Short Blades
 + Level 1.6 Armour
 + Level 1.6 Dodging


You had one spell level left.
You didn't know any spells.
Your spell library was empty.

Dungeon Overview and Level Annotations

Branches:
Dungeon (1/15)

Altars:


Innate Abilities, Weirdness & Mutations

You have extremely sharp teeth.
When hurt, damage is shared between your health and your magic reserves.
Your bite disrupts and absorbs the magic of your enemies.
Potions cannot restore your health.
You are immune to rotting.


Message History

The jackal barks!
The ooze barely misses you.
You puncture the hobgoblin!
You kill the hobgoblin!
Trog accepts your kill.
You are no longer berserk.
You are exhausted.
You feel yourself slow down. The kobold barely misses you.
The ooze barely misses you. The jackal barely misses you. The jackal bites you.
The kobold hits you with a +0 dagger. The jackal closely misses you.
The ooze hits you.
Things that are here:
a +0 club; a hobgoblin corpse The jackal misses you.
The hobgoblin hits you. The jackal bites you. The jackal bites you.
* * * LOW HITPOINT WARNING * * *
The ooze hits you.
* * * LOW HITPOINT WARNING * * *
The jackal barely misses you. The hobgoblin hits you.
You die...

###.#.....# #...####...
#####+#.....# #..........
............# #..........
............# ..........
............# .........
........###########+#........
.............................
.................g†..........
.####...........@hK).........
. #...........(J..#........
#..........#######+#####.
#..........# #..........#
#..........# #..........#
############


You could see an ooze, a jackal, a hobgoblin and a kobold.

Vanquished Creatures
  2 hobgoblins (D:1)
  3 jackals (D:1)
  A frilled lizard (D:1)
  A rat (D:1)
7 creatures vanquished.

Notes
Turn   | Place    | Note
-------+----------+-------------------------------------------
     0 | D:1      | emperorscorpion the Vine Stalker Berserker began the quest
                  | for the Orb.
     0 | D:1      | Reached XP level 1. HP: 11/11 MP: 2/2
   106 | D:1      | Reached XP level 2. HP: 16/16 MP: 1/3
   116 | D:1      | Slain by a hobgoblin

Levels and vault maps discovered:
D:1:      giann_wishing_wells, layout_basic, kennysheep_minor_cross

Action                   || total
-------------------------++-------
Melee: Short sword       ||    12
       Bite              ||     2
Invok: Berserk           ||     1
Armor: Animal skin       ||     1
Dodge: Dodged            ||    19

Table legend:
 A = Non-vault XP
 B = Vault XP
 C = Vault XP percentage of total XP
 D = Non-vault monster count
 E = Vault monster count
 F = Vault count percentage of total count
                 A         B        C        D         E       F
            +---------+---------+-------+---------+---------+-------
      Total |      12 |       0 |   0.0 |       7 |       0 |   0.0
            +---------+---------+-------+---------+---------+-------
        D:1 |      12 |       0 |   0.0 |       7 |       0 |   0.0
            +---------+---------+-------+---------+---------+-------
